 Bloatcrawl 2 version 0.50.1-497-g763ebf1 (webtiles) character file.

Game seed: 15447459043978863473, levelgen mode: deterministic

165 Dorkslayer the Slasher (level 5, -1/39 HPs)
             Began as a Robot Gladiator on Dec 1, 2020.
             Slain by a phantom (4 damage)
             ... on level 4 of the Dungeon.
             The game lasted 00:07:47 (2132 turns).

Dorkslayer the Slasher (Robot Gladiator)            Turns: 2132, Time: 00:07:48

Health: -1/39      AC:  5    Str: 17    XL:     5   Next: 22%
Magic:  4/4        EV: 11    Int: 11    God:
Gold:   132        SH:  0    Dex: 10    Spells: 4/4 levels left Game modifiers: x1.5 XP

rFire   . . .      SeeInvis .    a - +0 long sword
rCold   . . .      Gourm    .    (no shield)
rNeg    + + +      Faith    .    e - -2 ring mail (curse)
rPois   ∞          Spirit   .    c - +1 helmet
rElec   .          Reflect  .    (no cloak)
rCorr   .          Harm     .    (no gloves)
MR      .....                    (no boots)
Stlth   ..........               (no amulet)
HPRegen 0.13/turn                (no ring)
MPRegen 0.09/turn                (no ring)

@: about to teleport
A: fragile items, foodless, slowed by fire and elec, negative energy resistance
3, torment resistance, unbreathing, rot immunity, laser
a: Mouth Laser


You were on level 4 of the Dungeon.
You were not hungry.

You visited 1 branch of the dungeon, and saw 4 of its levels.

You collected 132 gold pieces.

Inventory:

Hand Weapons
 a - a +0 long sword (weapon)
Missiles
 d - 2 throwing nets (quivered)
 j - 12 poisoned darts
Armour
 b - a +0 scale mail
 c - a +1 helmet (worn)
 e - a cursed -2 ring mail (worn)
Wands
 k - a wand of iceblast (5)
Scrolls
 f - 2 scrolls of teleportation
 g - a scroll of enchant armour
 i - 3 scrolls of identify


   Skills:
 + Level 2.4 Fighting
 + Level 4.5 Long Blades
 + Level 2.1 Throwing
 + Level 1.4 Armour
 + Level 3.3 Dodging


You had 4 spell levels left.
You didn't know any spells.
Your spell library was empty.

Dungeon Overview and Level Annotations

Branches:
Dungeon (4/15)
 Temple: D:4-7

Altars:
Cheibriados
Gozag
Trog
Wu Jian


Innate Abilities, Weirdness & Mutations

You break items when uninstalling them.
You do not eat.
You are sometimes slowed by electricity and fire.
You are immune to poison.
You are immune to negative energy. (rN+++)
You are immune to unholy pain and torment.
You can survive without breathing.
You are immune to rotting.
You can shoot a disintegration laser from your mouth.


Message History

The hound bites you. The hound closely misses you. The phantom hits you.
* * * LOW HITPOINT WARNING * * *
You completely miss the hound.
The hound is severely wounded.
The hound bites you.
* * * LOW HITPOINT WARNING * * *
The phantom closely misses you. The hound bites you but does no damage.
The phantom hits you.
* * * LOW HITPOINT WARNING * * *
The hound bites you but does no damage.
There is a stone staircase leading up here.
You barely miss the hound.
The hound is severely wounded.
The hound bites you.
* * * LOW HITPOINT WARNING * * *
The phantom barely misses you. The hound bites you but does no damage.
You can't drink.
As you read the scroll of teleportation, it crumbles to dust.
You feel strangely unstable. The phantom hits you.
You die...

.. ....
....
###.?#####
.........#
.........#
..<.....@#
......†Wh#
.........#
.........#
.........#
.........#
#####...##
#####


You could see a phantom and a hound.

Vanquished Creatures
  5 adders
  2 dart slugs
  2 leopard geckos (D:3)
  9 bats
  4 giant cockroaches
  9 goblins
  5 hobgoblins
  3 jackals (D:2)
  A ball python (D:4)
  7 frilled lizards
  6 kobolds
  6 rats
59 creatures vanquished.

Vanquished Creatures (others)
  A leopard gecko (D:2)
1 creature vanquished.

Grand Total: 60 creatures vanquished

Notes
Turn   | Place    | Note
-------+----------+-------------------------------------------
     0 | D:1      | Dorkslayer the Robot Gladiator began the quest for the Orb.
     0 | D:1      | Reached XP level 1. HP: 16/16 MP: 0/0
     3 | D:1      | Noticed an electric eel
     4 | D:1      | Noticed an electric eel
   172 | D:1      | Reached XP level 2. HP: 14/22 MP: 1/1
   422 | D:1      | Reached XP level 3. HP: 24/27 MP: 2/2
   583 | D:2      | Found a bloodstained altar of Trog.
   649 | D:2      | Reached skill level 1 in Armour
  1183 | D:2      | Reached skill level 4 in Long Blades
  1183 | D:2      | Reached XP level 4. HP: 19/33 MP: 3/3
  1446 | D:2      | Found an opulent altar of Gozag.
  1446 | D:2      | Found a snail-covered altar of Cheibriados.
  1795 | D:3      | Found an ornate altar of the Wu Jian Council.
  1877 | D:3      | Gained mutation: You can shoot a disintegration laser from
                  | your mouth. [Robot growth]
  1877 | D:3      | Reached XP level 5. HP: 20/38 MP: 4/4
  2110 | D:4      | Noticed a phantom
  2132 | D:4      | Slain by a phantom

Levels and vault maps discovered:
D:1:      arrival_aquarium_b, layout_rooms
D:2:      layout_loops_ring, bloody_trog, gammafunk_temple_overflow_elements,
          chequers_serial_rivers_small_3
D:3:      layout_rooms, old_standard_altar
D:4:      layout_rooms, uniq_eustachio

Skill      XL: |  1  2  3 |
---------------+----------+-----
Armour         | 1 |  1.4
Long Blades    | 4 |  4.5
Fighting       | |  2.4
Throwing       | |  2.1
Dodging        | |  3.3

Action                   |  1- 3 |  4- 6 || total
-------------------------+-------+-------++-------
Melee: Long sword        |   126 |   105 ||   231
Throw: Throwing net      |       |     1 ||     1
  Use: Scroll            |     5 |     3 ||     8
Armor: Ring mail         |    39 |    50 ||    89
Dodge: Dodged            |   106 |    79 ||   185
       Rpst.: Long sword |    40 |    28 ||    68
